[Event "Titled Tuesday Blitz April 12 Early 2022"]
[White "Melikhov, Evgeny V."]
[Black "De Souza, Cristiano Gomes"]
[WhiteFideId "4122046"]
[BlackFideId "2151758"]
[WhiteElo "1931"]
[BlackElo "2068"]
[Result "1-0"]
[Round "04"]
[TimeControl "180+1"]
[Date "2022.04.13"]
[WhiteClock "0:00:54"]
[BlackClock "0:01:28"]

1. d4 Nf6 2. c4 g6 3. Nc3 Bg7 4. e4 d6 5. f3 O-O 6. Be3 a6 7. Nge2 Nc6 8. Qd2 Rb8 9. h4 h5 10. Nc1 e5 11. d5 Nd4 12. N1e2 b5 13. Nxd4 exd4 14. Bxd4 b4 15. Ne2 Re8 16. O-O-O a5 17. Kb1 Kh7 18. Ng3 Bd7 19. Be2 Qe7 20. Ka1 a4 21. Nf1 a3 22. b3 Nxe4 23. fxe4 Qxe4 24. Bxg7 Qxe2 25. Qxe2 Rxe2 26. Bd4 Rbe8 27. Nd2 Rxg2 28. Bf6 Ree2 29. Bd8 c6 30. Bc7 cxd5 31. cxd5 Bf5 32. Bxd6 Bc2 33. Bxb4 Bxd1 34. Rxd1 Re4 35. Nc4 Ree2 36. d6 Rxa2+ 37. Kb1 Rae2 38. d7 a2+ 39. Ka1 Rb2 40. d8=Q Rb1+ 41. Rxb1 axb1=Q+ 42. Kxb1 1-0


[Site "https://www.chess.com"]

[Event "Titled Tuesday Blitz April 12 Early 2022"]
[White "Meshkovs, Nikita"]
[Black "Paravyan, David"]
[WhiteFideId "11602740"]
[BlackFideId "4194985"]
[WhiteElo "2506"]
[BlackElo "2569"]
[Result "1-0"]
[Round "04"]
[TimeControl "180+1"]
[Date "2022.04.12"]
[WhiteClock "0:00:07"]
[BlackClock "0:00:15"]

1. d4 Nf6 2. Nf3 g6 3. g3 Bg7 4. Bg2 d5 5. O-O O-O 6. a4 c5 7. dxc5 Na6 8. a5 Nxc5 9. Nc3 Nce4 10. Nxe4 Nxe4 11. c3 Bf5 12. Qb3 b6 13. Bf4 bxa5 14. Qb5 Qb6 15. Rxa5 Rad8 16. Ne5 g5 17. Nc6 Rd7 18. Be3 Qxb5 19. Rxb5 e6 20. Ra1 Nd6 21. Rb4 h6 22. h4 Nc4 23. Rxa7 Rxa7 24. Bxa7 Kh7 25. e4 Bg6 26. exd5 exd5 27. Bxd5 Nd6 28. Bc5 Ra8 29. Bxd6 Ra1+ 30. Kg2 Rd1 31. Nd4 Bd3 32. hxg5 hxg5 33. g4 Kg6 34. Rb6 f6 35. Kf3 Bf1 36. Be4+ Kf7 37. Rb7+ Kg8 38. Nf5 Bf8 39. Rb8 Kh7 40. Rxf8 Bg2+ 41. Kxg2 Rg1+ 42. Kxg1 1-0


[Site "https://www.chess.com"]

[Event "Titled Tuesday Blitz April 12 Early 2022"]
[White "Mickiewicz, Piotr"]
[Black "Kostina, Nadezhda"]
[WhiteFideId "1114891"]
[BlackFideId "4195876"]
[WhiteElo "2266"]
[BlackElo "1982"]
[Result "0-1"]
[Round "04"]
[TimeControl "180+1"]
[Date "2022.04.13"]
[WhiteClock "0:00:20"]
[BlackClock "0:00:06"]

1. e4 c5 2. Nf3 Nc6 3. d4 cxd4 4. Nxd4 Nf6 5. Nc3 d6 6. Bg5 Qb6 7. Nb3 e6 8. Qd2 Be7 9. O-O-O a6 10. f4 Qc7 11. Kb1 b5 12. Bxf6 gxf6 13. f5 b4 14. Ne2 a5 15. Ned4 a4 16. Bb5 Bd7 17. fxe6 fxe6 18. Bxc6 Bxc6 19. Nxe6 Qb7 20. Nbd4 Bxe4 21. Rhe1 f5 22. Qh6 b3 23. Qh5+ Kd7 24. Nxb3 Kxe6 25. Qh6+ Kf7 26. Nd4 Rab8 27. b3 axb3 28. axb3 Bf6 29. Qh5+ Ke7 30. Nxf5+ Kd7 31. Rxd6+ Kc8 32. Rxe4 Qxe4 33. Rxf6 Rxb3+ 34. Kc1 Qe1+ 35. Qd1 Rb1+ 36. Kxb1 Qxd1+ 37. Kb2 Kc7 38. Re6 Rb8+ 39. Kc3 Qa1+ 40. Kd2 Rd8+ 41. Ke2 Qd1+ 42. Kf2 Rd2+ 43. Kg3 Qxc2 44. Ne3 Rd3 45. Kf4 Qf2+ 46. Kg5 Rxe3 47. Rh6 Qxg2+ 48. Kf6 Qf2+ 49. Kg7 Re7+ 50. Kh8 Qf8# 0-1


[Site "https://www.chess.com"]

[Event "Titled Tuesday Blitz April 12 Early 2022"]
[White "MikeKorovin"]
[Black "Zlatin, Alexander"]
[BlackFideId "2810549"]
[WhiteElo "2712"]
[BlackElo "2228"]
[Result "0-1"]
[Round "04"]
[TimeControl "180+1"]
[Date "2022.04.13"]
[WhiteClock "0:00:02"]
[BlackClock "0:01:05"]

1. Nf3 e6 2. Nc3 d5 3. d3 Nf6 4. e4 c5 5. Bg5 Be7 6. e5 Nfd7 7. h4 Nc6 8. Bf4 a6 9. h5 h6 10. Qd2 b5 11. g3 b4 12. Ne2 Qc7 13. Bg2 a5 14. c3 bxc3 15. bxc3 Ndxe5 16. Nxe5 Nxe5 17. d4 cxd4 18. Nxd4 Ba6 19. Rb1 Nd3+ 20. Qxd3 Bxd3 21. Bxc7 Bxb1 22. Kd2 Bxa2 23. Ra1 Bc4 24. Bxa5 Bd8 25. Nc6 Bxa5 26. Rxa5 Rxa5 27. Nxa5 O-O 28. Ke3 Rc8 29. Kd4 Bb5 30. Bf3 Kf8 31. g4 Ke7 32. Bd1 f6 33. f4 Rc7 0-1


[Site "https://www.chess.com"]

[Event "Titled Tuesday Blitz April 12 Early 2022"]
[White "Mirzoev, Azer"]
[Black "Allahverdiyeva, Ayan"]
[WhiteFideId "13400304"]
[BlackFideId "13412590"]
[WhiteElo "2525"]
[BlackElo "1910"]
[Result "1-0"]
[Round "04"]
[TimeControl "180+1"]
[Date "2022.04.13"]
[WhiteClock "0:00:05"]
[BlackClock "0:00:06"]

1. e4 c5 2. Nc3 Nc6 3. f4 e6 4. Bb5 Nge7 5. Nf3 a6 6. Be2 d5 7. O-O g6 8. d3 Bg7 9. Qe1 Nd4 10. Bd1 O-O 11. Kh1 b5 12. Ne2 Nec6 13. Nexd4 Nxd4 14. Nxd4 cxd4 15. e5 f6 16. exf6 Qxf6 17. a4 Bd7 18. Bd2 e5 19. axb5 Bxb5 20. Rf3 e4 21. dxe4 dxe4 22. Qxe4 Bc6 23. Qd3 Bxf3 24. Bxf3 Rab8 25. b3 Rb6 26. g3 Qd6 27. Kg2 Kh8 28. h4 Rc8 29. h5 gxh5 30. Rh1 Qc7 31. Be4 Rh6 32. f5 Rb6 33. Rxh5 Bf6 34. Bf4 Qg7 35. Qf3 Rb5 36. Bd3 Rbc5 37. g4 Re8 38. Kh3 Be5 39. Bg5 Bf6 40. Bd2 Rc7 41. g5 Rce7 42. gxf6 Qxf6 43. Bg5 Re3 44. Bxf6+ Kg8 45. Rg5+ Kf8 46. Qg3 1-0


[Site "https://www.chess.com"]

[Event "Titled Tuesday Blitz April 12 Early 2022"]
[White "Molina, Roberto Junio Brito"]
[Black "Decuigniere, Tom"]
[WhiteFideId "2109450"]
[BlackFideId "26093820"]
[WhiteElo "2432"]
[BlackElo "1997"]
[Result "1-0"]
[Round "04"]
[TimeControl "180+1"]
[Date "2022.04.13"]
[WhiteClock "0:01:35"]
[BlackClock "0:00:25"]

1. d4 Nf6 2. c4 e6 3. Nf3 Bb4+ 4. Bd2 Qe7 5. g3 Nc6 6. Bg2 Bxd2+ 7. Nbxd2 d6 8. O-O e5 9. d5 Nb8 10. e4 O-O 11. Ne1 a5 12. b3 Na6 13. Nd3 Bg4 14. f3 Bd7 15. a3 c6 16. Qe2 cxd5 17. cxd5 Bb5 18. Qe3 Nc5 19. Nxc5 Bxf1 20. Bxf1 dxc5 21. a4 Ne8 22. Rc1 b6 23. Bb5 Nd6 24. Bd3 Rae8 25. Nc4 Nxc4 26. Bxc4 Qd6 27. g4 h6 28. Rc2 Re7 29. h4 Qf6 30. h5 Rd7 31. Rg2 Qg5 32. Kf2 Rd6 33. Ke2 Qxe3+ 34. Kxe3 g6 35. Rh2 Kg7 36. Bd3 gxh5 37. Rxh5 Re8 38. Bb5 Re7 39. Ba6 Rg6 40. Rh1 Rg5 41. Be2 Kg6 42. Bb5 f6 43. d6 Rb7 44. Be8+ Kg7 45. Kd3 Kf8 46. d7 Ke7 47. Rxh6 Rg7 48. Kc4 1-0


[Site "https://www.chess.com"]

[Event "Titled Tuesday Blitz April 12 Early 2022"]
[White "Moroni, Luca Jr"]
[Black "Belenkaya, Dina"]
[WhiteFideId "865834"]
[BlackFideId "24142654"]
[WhiteElo "2573"]
[BlackElo "2196"]
[Result "1-0"]
[Round "04"]
[TimeControl "180+1"]
[Date "2022.04.13"]
[WhiteClock "0:00:07"]
[BlackClock "0:00:02"]

1. Nc3 d5 2. e4 c6 3. Nf3 dxe4 4. Nxe4 Nf6 5. Bd3 Nxe4 6. Bxe4 Nd7 7. O-O Nf6 8. Qe2 Bg4 9. h3 Bh5 10. d3 e6 11. Bg5 Be7 12. Rfe1 Nxe4 13. Bxe7 Qxe7 14. Qxe4 O-O 15. Ne5 Rad8 16. a3 a5 17. Re3 Rd5 18. Rae1 Rfd8 19. Nc4 Rd4 20. Qe5 R4d5 21. Qc3 Qc5 22. Re5 a4 23. Qb4 Qxb4 24. axb4 Bg6 25. Nb6 Rd4 26. Nc4 Rc8 27. b5 c5 28. Ra1 Bf5 29. g4 f6 30. Ree1 Bg6 31. Rxe6 Bf7 32. Re7 Bxc4 33. dxc4 Rxc4 34. c3 Rf4 35. Rxb7 h5 36. gxh5 Rh4 37. b6 Rxh5 38. Rxa4 Rg5+ 39. Rg4 Rh5 40. Rgxg7+ Kh8 41. Rbc7 Rb8 42. b7 Rh4 43. Rgd7 Rxh3 44. Rc8+ Rxc8 45. bxc8=Q# 1-0


[Site "https://www.chess.com"]

[Event "Titled Tuesday Blitz April 12 Early 2022"]
[White "Muradov, Soltan"]
[Black "Shandrygin, Nikita"]
[WhiteFideId "14002108"]
[BlackFideId "24198668"]
[WhiteElo "1854"]
[BlackElo "2323"]
[Result "1-0"]
[Round "04"]
[TimeControl "180+1"]
[Date "2022.04.13"]
[WhiteClock "0:01:12"]
[BlackClock "0:01:09"]

1. d4 d5 2. c3 Nc6 3. Nf3 e5 4. dxe5 Bg4 5. Qb3 Rb8 6. Bf4 Nge7 7. Nbd2 Ng6 8. Bg3 Bc5 9. h3 Be6 10. e3 d4 11. Bc4 dxe3 12. fxe3 Bxc4 13. Qxc4 Bxe3 14. O-O-O O-O 15. Rhe1 Bh6 16. Kb1 Qe7 17. e6 f6 18. Ne4 Rbd8 19. Nc5 Nge5 20. Nxe5 fxe5 21. Nxb7 1-0


[Site "https://www.chess.com"]

[Event "Titled Tuesday Blitz April 12 Early 2022"]
[White "Mustafayev, Farid"]
[Black "Suarez Uriel, Adrian"]
[WhiteFideId "13408771"]
[BlackFideId "22230874"]
[WhiteElo "2115"]
[BlackElo "2316"]
[Result "1-0"]
[Round "04"]
[TimeControl "180+1"]
[Date "2022.04.13"]
[WhiteClock "0:00:43"]
[BlackClock "0:00:48"]

1. d4 Nf6 2. Nf3 g6 3. Bf4 d6 4. e3 Nh5 5. Bg5 h6 6. Bh4 g5 7. Bg3 Bg7 8. Bd3 e6 9. O-O Nxg3 10. hxg3 c5 11. c3 Nc6 12. Nbd2 b6 13. Bb5 Bb7 14. Qa4 Qc7 15. Ba6 O-O 16. Rad1 Rab8 17. Bxb7 Qxb7 18. Qc2 b5 19. Ne4 Qe7 20. dxc5 dxc5 21. Rd6 Ne5 22. Rfd1 Nxf3+ 23. gxf3 Rfd8 24. Rxd8+ Rxd8 25. Rxd8+ Qxd8 26. Nxc5 Qd5 27. Nb3 Qxf3 28. Qd3 a6 29. Nc5 h5 30. Qd8+ Kh7 31. Qxg5 Bh6 32. Qe7 Bxe3 33. fxe3 Qxg3+ 34. Kf1 Qf3+ 35. Ke1 Qxe3+ 36. Kd1 Kg6 37. Qd6 a5 38. Nd3 Qxd3+ 39. Qxd3+ 1-0


[Site "https://www.chess.com"]

[Event "Titled Tuesday Blitz April 12 Early 2022"]
[White "Nakamura, Hikaru"]
[Black "Sjugirov, Sanan"]
[WhiteFideId "2016192"]
[BlackFideId "4189302"]
[WhiteElo "2850"]
[BlackElo "2602"]
[Result "0-1"]
[Round "04"]
[TimeControl "180+1"]
[Date "2022.04.12"]
[WhiteClock "0:00:51"]
[BlackClock "0:00:07"]

1. Nf3 d5 2. b3 Bf5 3. Bb2 e6 4. g3 Nf6 5. d3 h6 6. Nbd2 Bh7 7. Ne5 Be7 8. Bg2 Nbd7 9. Nxd7 Qxd7 10. O-O O-O 11. Re1 c6 12. e4 Qc7 13. Qe2 a5 14. a3 Rfe8 15. Nf1 Rad8 16. e5 Nd7 17. a4 c5 18. Ne3 Nb8 19. f4 Nc6 20. Rad1 Nd4 21. Qf2 Nf5 22. c4 Nxe3 23. Qxe3 Qb6 24. cxd5 Qxb3 25. Ba1 exd5 26. d4 Qxe3+ 27. Rxe3 c4 28. Bc3 b6 29. Ra1 Bb4 30. Bf1 Rb8 31. Ra2 b5 32. axb5 Rxb5 33. g4 Be4 34. Ba1 Rc8 35. f5 Be7 36. Bc3 Rb1 37. Rxa5 Bg5 38. Re1 Rxe1 39. Bxe1 c3 40. Bxc3 Be3# 0-1


[Site "https://www.chess.com"]

[Event "Titled Tuesday Blitz April 12 Early 2022"]
[White "Namitbir Singh Walia"]
[Black "Djokic, Mihailo"]
[WhiteFideId "35071068"]
[BlackFideId "976440"]
[WhiteElo "1565"]
[BlackElo "2202"]
[Result "1-0"]
[Round "04"]
[TimeControl "180+1"]
[Date "2022.04.13"]
[WhiteClock "0:00:05"]
[BlackClock "0:00:03"]

1. d4 d5 2. c4 e6 3. g3 dxc4 4. Nf3 Nf6 5. Bg2 Be7 6. O-O O-O 7. Qc2 c5 8. dxc5 Bxc5 9. Qxc4 Be7 10. Nc3 Nc6 11. Rd1 Qa5 12. Bd2 Qh5 13. Rac1 Nd7 14. Be3 Nde5 15. Nxe5 Nxe5 16. Qb5 g6 17. Bf4 Ng4 18. Qxh5 gxh5 19. Ne4 f5 20. Nd6 e5 21. Be3 Be6 22. Nxb7 Rab8 23. Nc5 Bxa2 24. Ra1 Nxe3 25. fxe3 Bxc5 26. Rxa2 Bxe3+ 27. Kh1 Rfd8 28. Bd5+ Kg7 29. Ra3 Bd4 30. e4 Rxb2 31. Rf3 f4 32. gxf4 Rf8 33. f5 Kf6 34. Rg3 Rc8 35. Rg2 Rxg2 36. Kxg2 Rc2+ 37. Kh3 Be3 38. Rb1 Bf4 39. Rh1 a5 40. Kh4 Bxh2 41. Kxh5 Bf4 42. Rb1 Rh2+ 43. Kg4 Rg2+ 44. Kf3 Rg3+ 45. Kf2 Ra3 46. Rb6+ Kg5 47. Rb7 Be3+ 48. Kg2 Bd4 49. Rxh7 Kf4 50. Rh4+ Kg5 51. Rh8 Kf4 52. Rg8 Rc3 53. f6 Rc2+ 54. Kh3 Rc3+ 55. Kg2 Rc2+ 56. Kh3 Ke3 57. f7 Bc5 58. f8=Q Bxf8 59. Rxf8 a4 60. Ra8 Rc3 61. Kh4 a3 62. Kg5 Kd4 63. Kf5 Rf3+ 64. Ke6 Rc3 65. Ra4+ Ke3 66. Kxe5 Rd3 67. Kf5 Kf3 68. Ke5 Kg4 69. Rb4 Rd2 70. Ke6 a2 71. Ra4 a1=Q 72. Rxa1 Kg5 73. e5 Rb2 74. Rg1+ Kf4 75. Rf1+ Ke3 76. Kd6 Kd4 77. e6 Rb6+ 78. Bc6 Rb4 79. Rf4+ Kc3 80. Rxb4 Kxb4 81. e7 1-0


[Site "https://www.chess.com"]

[Event "Titled Tuesday Blitz April 12 Early 2022"]
[White "Narayanan.S.L"]
[Black "Obolenskikh, Dmitry"]
[WhiteFideId "5058422"]
[BlackFideId "4156013"]
[WhiteElo "2494"]
[BlackElo "2512"]
[Result "1-0"]
[Round "04"]
[TimeControl "180+1"]
[Date "2022.04.12"]
[WhiteClock "0:01:43"]
[BlackClock "0:00:59"]

1. b3 d5 2. Bb2 Bg4 3. f3 Bf5 4. e3 Nd7 5. Nc3 c6 6. e4 Be6 7. Nge2 Nb6 8. Nf4 Bc8 9. d4 e6 10. Qd2 Nf6 11. O-O-O a5 12. a3 g6 13. Kb1 h5 14. Qe1 Bh6 15. Nd3 Bg7 16. Nc5 Nfd7 17. exd5 cxd5 18. Nxe6 fxe6 19. Qxe6+ Qe7 20. Qxg6+ Kf8 21. Bb5 Qf6 22. Qd3 Kg8 23. Rhe1 Nf8 24. Re5 Qf7 25. Nxd5 Nxd5 26. Rxd5 Be6 27. Rg5 Rh6 28. d5 1-0


[Site "https://www.chess.com"]

[Event "Titled Tuesday Blitz April 12 Early 2022"]
[White "Narayanan, Srinath"]
[Black "Yurovskykh, Oleksandr"]
[WhiteFideId "5018420"]
[BlackFideId "14134020"]
[WhiteElo "2472"]
[BlackElo "2292"]
[Result "1-0"]
[Round "04"]
[TimeControl "180+1"]
[Date "2022.04.13"]
[WhiteClock "0:00:09"]
[BlackClock "0:00:15"]

1. Nf3 d5 2. e3 Nf6 3. c4 c6 4. b3 Bg4 5. Bb2 e6 6. Nc3 Nbd7 7. h3 Bh5 8. g4 Bg6 9. Nh4 Be4 10. Nxe4 Nxe4 11. Nf3 f6 12. Qc2 Bd6 13. Bg2 O-O 14. Nd4 Qe7 15. Bxe4 dxe4 16. Qxe4 Nc5 17. Qc2 Rfd8 18. f4 Qe8 19. O-O-O e5 20. fxe5 Bxe5 21. Kb1 Ne6 22. Nf5 Bxb2 23. Qxb2 Nc5 24. d4 Ne4 25. Rhf1 g6 26. Nh4 Kg7 27. Ng2 Qe7 28. Nf4 Re8 29. d5 Nc5 30. g5 Rf8 31. gxf6+ Rxf6 32. Ne6+ Nxe6 33. dxe6 Rd8 34. Rd7 Kh6 35. Qxf6 Rxd7 36. exd7 Qxd7 37. Qf4+ Kg7 38. Qd4+ 1-0


[Site "https://www.chess.com"]

[Event "Titled Tuesday Blitz April 12 Early 2022"]
[White "Nilsson, Joakim"]
[Black "Biletskiy, Danylo"]
[WhiteFideId "1723383"]
[BlackFideId "14155419"]
[WhiteElo "2207"]
[BlackElo "2087"]
[Result "0-1"]
[Round "04"]
[TimeControl "180+1"]
[Date "2022.04.13"]
[WhiteClock "0:01:43"]
[BlackClock "0:02:24"]

1. d4 d5 2. Nc3 c6 3. Bf4 Nf6 4. e3 g6 5. h4 Bg7 6. Be2 O-O 7. h5 Ne4 8. Nxe4 dxe4 9. c3 Be6 10. Nh3 f6 11. hxg6 hxg6 12. Bg4 Qd7 13. Bxe6+ Qxe6 14. Qb3 Qxb3 15. axb3 Nd7 16. Bg3 Kf7 17. Nf4 Rh8 18. Kd2 a6 19. b4 e5 20. Ne2 Rad8 21. Kc2 f5 22. dxe5 Nxe5 23. Nf4 g5 24. Nh5 Nd3 25. Nxg7 Kxg7 26. f3 Rxh1 27. Rxh1 Rh8 28. Rxh8 Kxh8 29. Bd6 Kg7 30. Bc5 g4 31. fxg4 fxg4 32. Bd4+ Kg6 33. Kb3 g3 34. Kc4 b5+ 35. Kb3 Kf5 36. c4 Ne1 37. Bb6 Nxg2 0-1


[Site "https://www.chess.com"]

[Event "Titled Tuesday Blitz April 12 Early 2022"]
[White "Nogerbek, Kazybek"]
[Black "Jobava, Baadur"]
[WhiteFideId "13710427"]
[BlackFideId "13601520"]
[WhiteElo "2466"]
[BlackElo "2617"]
[Result "0-1"]
[Round "04"]
[TimeControl "180+1"]
[Date "2022.04.12"]
[WhiteClock "0:00:03"]
[BlackClock "0:00:24"]

1. c4 c6 2. Nc3 d5 3. cxd5 cxd5 4. d4 Nf6 5. Bf4 Nc6 6. e3 a6 7. Be2 h6 8. Nf3 Bf5 9. Ne5 e6 10. g4 Bh7 11. h4 Nxe5 12. Bxe5 Bd6 13. Bxd6 Qxd6 14. g5 Ne4 15. gxh6 gxh6 16. Bd3 O-O-O 17. Bxe4 dxe4 18. Qc2 Kb8 19. O-O-O Rhg8 20. Kb1 Rg2 21. Rd2 Rc8 22. Rc1 Rh2 23. Qb3 Rxh4 24. Rdc2 Rc6 25. a3 Rh5 26. Ka1 Rb6 27. Qc4 Ra5 28. Na4 Rc6 29. Nc5 Ka7 30. Nxb7 Rxc4 31. Nxd6 Rxc2 32. Rxc2 Bg6 33. Nxf7 Rh5 34. Ne5 Rh1+ 35. Ka2 Bf5 36. Rc7+ Kb6 37. Rc8 h5 38. Rh8 h4 39. f3 h3 40. fxe4 Bxe4 41. Ng4 Bd5+ 42. b3 Rg1 43. Rxh3 Rg2+ 44. Kb1 Rxg4 45. Kb2 Kc6 46. Kc3 Kd6 47. a4 Rg1 48. Kb4 Rb1 49. e4 Bxe4 50. Ka5 Bc2 51. b4 Ra1 52. Kxa6 Rxa4+ 53. Kb5 Ra1 54. Kb6 Rb1 55. Kb5 Be4 56. Rc3 Bg2 57. Ka5 Bf1 58. Rc5 Ra1+ 59. Kb6 Ra6+ 60. Kb7 Ra4 61. b5 Rxd4 62. Rh5 Rd5 63. Rxd5+ exd5 64. b6 d4 65. Ka7 Bg2 0-1


[Site "https://www.chess.com"]

[Event "Titled Tuesday Blitz April 12 Early 2022"]
[White "Nozdrachev, Leonid"]
[Black "Roman, Rodrigo"]
[WhiteFideId "24113433"]
[BlackFideId "3701220"]
[WhiteElo "2242"]
[BlackElo "2001"]
[Result "0-1"]
[Round "04"]
[TimeControl "180+1"]
[Date "2022.04.13"]
[WhiteClock "0:00:01"]
[BlackClock "0:00:17"]

1. a3 b6 2. h4 Bb7 3. h5 Nf6 4. b4 h6 5. Bb2 e6 6. Nf3 d6 7. d3 Nbd7 8. Nbd2 a5 9. g3 e5 10. Bg2 Be7 11. Nh4 Bxg2 12. Nxg2 Qb8 13. Ne3 Qb7 14. f3 Nd5 15. Nf5 Bg5 16. Nc4 O-O 17. e4 Ne7 18. f4 exf4 19. gxf4 Nxf5 20. fxg5 f6 21. Qg4 fxg5 22. O-O-O axb4 23. exf5 bxa3 24. Nxa3 Nf6 25. Bxf6 Rxf6 26. Nc4 Qd5 27. Qe4 Rxf5 28. Qxd5+ Rxd5 29. Rde1 Rf5 30. Kd2 Rf2+ 31. Kc3 Raf8 32. Re7 R8f7 33. Rhe1 g4 34. Rxf7 Kxf7 35. Rg1 Rf5 36. Ne3 Rxh5 37. Rf1+ Kg6 38. Nxg4 Rc5+ 39. Kd2 h5 40. Nf2 Rf5 41. Rg1+ Kh6 42. Ke3 g5 43. Ra1 g4 44. Ra7 Rf3+ 45. Ke2 Rf7 46. Ne4 d5 47. Nc3 d4 48. Nd5 g3 49. Rxc7 g2 50. Rxf7 g1=Q 51. Rf5 Qg2+ 52. Ke1 Qg3+ 53. Ke2 Qg4+ 54. Rf3 Qe6+ 55. Ne3 dxe3 56. Rxe3 Qg4+ 57. Kf2 Qf4+ 58. Rf3 Qd2+ 59. Kg3 Qxc2 60. Kh4 Qh2+ 61. Rh3 Qf4# 0-1


[Site "https://www.chess.com"]

[Event "Titled Tuesday Blitz April 12 Early 2022"]
[White "Ohanyan, Emin"]
[Black "Taspinar, Yanki"]
[WhiteFideId "13312022"]
[BlackFideId "34561188"]
[WhiteElo "1927"]
[BlackElo "1518"]
[Result "0-1"]
[Round "04"]
[TimeControl "180+1"]
[Date "2022.04.13"]
[WhiteClock "0:00:01"]
[BlackClock "0:00:19"]

1. e4 e5 2. Nc3 Nf6 3. Bc4 Nc6 4. d3 Na5 5. Bb3 Nxb3 6. axb3 d5 7. exd5 Nxd5 8. Nge2 Nxc3 9. Nxc3 Bd6 10. O-O O-O 11. f4 exf4 12. Bxf4 Be6 13. Qf3 c6 14. Qg3 Bxf4 15. Rxf4 Qb6+ 16. Kh1 Rad8 17. h4 Rd4 18. Raf1 Rfd8 19. Ne4 h6 20. Nf6+ Kh8 21. Nh5 Rg8 22. Kh2 Rxf4 23. Rxf4 Qc5 24. Qf3 Qxc2 25. Ng3 Qxb2 26. h5 Qxb3 27. Ne4 Qd5 28. Qe2 a5 29. Qf2 Qxh5+ 30. Kg1 Qd1+ 31. Kh2 Qxd3 32. Rh4 Rd8 33. Qf4 Kg8 34. Nf6+ Kf8 35. Ne4 Qd5 0-1


[Site "https://www.chess.com"]

[Event "Titled Tuesday Blitz April 12 Early 2022"]
[White "Onslow, Alfie"]
[Black "O`Gorman, Tom"]
[WhiteFideId "436976"]
[BlackFideId "2508249"]
[WhiteElo "1884"]
[BlackElo "2247"]
[Result "1-0"]
[Round "04"]
[TimeControl "180+1"]
[Date "2022.04.13"]
[WhiteClock "0:00:15"]
[BlackClock "0:00:15"]

1. Nf3 g6 2. c4 Bg7 3. d4 Nf6 4. b3 O-O 5. Bb2 d6 6. g3 c5 7. Bg2 Ne4 8. O-O Nc6 9. Nc3 Nxc3 10. Bxc3 cxd4 11. Nxd4 Qb6 12. Nxc6 bxc6 13. Bxg7 Kxg7 14. Qd3 Bd7 15. e4 Qc5 16. Rfe1 Be6 17. Qc3+ Kg8 18. Rad1 a5 19. h4 Rfb8 20. Rb1 Ra7 21. Bf3 Qb4 22. Qe3 c5 23. e5 Bf5 24. Rbd1 Rd7 25. Bc6 Rdd8 26. h5 Qb6 27. Bf3 a4 28. bxa4 Qb2 29. exd6 exd6 30. h6 Be6 31. Bd5 Bxd5 32. Rxd5 Qb4 33. Red1 Qxa4 34. Qc3 f6 35. Qxf6 Rd7 36. Qe6+ Rf7 37. Rxd6 Rf8 38. Rd7 Qxa2 39. Rxf7 Rxf7 40. Rd8# 1-0


[Site "https://www.chess.com"]

[Event "Titled Tuesday Blitz April 12 Early 2022"]
[White "Ovezdurdyyeva, Jemal"]
[Black "Sadykov, Ramil"]
[WhiteFideId "14001888"]
[BlackFideId "24113590"]
[WhiteElo "1946"]
[BlackElo "2300"]
[Result "1-0"]
[Round "04"]
[TimeControl "180+1"]
[Date "2022.04.13"]
[WhiteClock "0:00:09"]
[BlackClock "0:00:03"]

1. e4 e5 2. Nf3 Nf6 3. Nxe5 Nxe4 4. Qe2 Qe7 5. Qxe4 d6 6. d4 dxe5 7. dxe5 Nc6 8. Bb5 Bd7 9. O-O O-O-O 10. Nc3 a6 11. Ba4 Nxe5 12. Be3 Bxa4 13. Nxa4 Nc6 14. Qc4 Qb4 15. Qxb4 Bxb4 16. c3 Bd6 17. Nc5 Rhe8 18. Nb3 Ne5 19. Bd4 f6 20. Nd2 Nd3 21. Nc4 Re2 22. Nxd6+ Rxd6 23. b3 Rc2 24. Rfd1 Nf4 25. Kf1 b6 26. Rdc1 Rxc1+ 27. Rxc1 c5 28. Be3 Nd5 29. Ke2 Kd7 30. Bd2 Kc6 31. c4 Ne7 32. Be3 Nf5 33. Bf4 Nd4+ 34. Kd3 Rd7 35. Ke4 Re7+ 36. Kd3 Re2 37. Be3 Rxa2 38. Bxd4 cxd4 39. Kxd4 Rxf2 40. Re1 Rxg2 41. Re6+ Kd7 42. Rxb6 Rxh2 43. Rb7+ Kc6 44. Rxg7 a5 45. Rf7 Rh4+ 46. Kc3 Rf4 47. Rxh7 f5 48. Rf7 Kb6 49. Kb2 Rf2+ 50. Ka3 f4 51. Rf6+ Kb7 52. Ka4 f3 53. Kxa5 Kc7 54. Kb5 Kd7 55. b4 Ke7 56. Rf4 Ke6 57. c5 Ke5 58. Rf8 Ke4 59. c6 Rd2 60. c7 Rd5+ 61. Kb6 1-0


[Site "https://www.chess.com"]

[Event "Titled Tuesday Blitz April 12 Early 2022"]
[White "Padmini, Rout"]
[Black "Sahil, Tickoo"]
[WhiteFideId "5029295"]
[BlackFideId "5019710"]
[WhiteElo "2181"]
[BlackElo "2099"]
[Result "1-0"]
[Round "04"]
[TimeControl "180+1"]
[Date "2022.04.13"]
[WhiteClock "0:01:43"]
[BlackClock "0:00:30"]

1. Nf3 d5 2. g3 Nf6 3. Bg2 c6 4. O-O Bf5 5. d3 h6 6. c4 e6 7. cxd5 exd5 8. Qb3 Qb6 9. Qc2 Nbd7 10. Nc3 Be7 11. e4 dxe4 12. dxe4 Bh7 13. Be3 Qc7 14. Bf4 Qb6 15. Be3 Qc7 16. Nd4 a6 17. h3 O-O 18. f4 Bc5 19. Rae1 Rfe8 20. Nb3 Bxe3+ 21. Rxe3 Qb6 22. Qf2 a5 23. e5 a4 24. Nd2 Kh8 25. Nc4 Qa7 26. exf6 1-0


[Site "https://www.chess.com"]

[Event "Titled Tuesday Blitz April 12 Early 2022"]
[White "Pesotskiy, Mikhail"]
[Black "Hasangatin, Ramil"]
[WhiteFideId "34164453"]
[BlackFideId "4122160"]
[WhiteElo "2010"]
[BlackElo "2375"]
[Result "1-0"]
[Round "04"]
[TimeControl "180+1"]
[Date "2022.04.13"]
[WhiteClock "0:00:10"]
[BlackClock "0:00:37"]

1. d4 Nf6 2. c4 d6 3. Nc3 e5 4. d5 a5 5. e4 Na6 6. f3 Be7 7. Be3 Nh5 8. Qd2 h6 9. Bd3 Bg5 10. Nge2 Bxe3 11. Qxe3 Qg5 12. Qf2 Nb4 13. Bb1 O-O 14. h4 Qf6 15. a3 Na6 16. Bc2 Bd7 17. O-O-O Nf4 18. Nxf4 exf4 19. g4 Qe5 20. g5 h5 21. Qd4 Rab8 22. Qxe5 dxe5 23. Ba4 Rfd8 24. Bxd7 Rxd7 25. Kc2 g6 26. Rb1 c5 27. Na2 b5 28. cxb5 Rxb5 29. Nc3 Rbb7 30. b3 Kf8 31. Rhc1 Ke7 32. Kd3 Kd6 33. Na4 Rdc7 34. Rc3 Kd7 35. Kc2 Ke7 36. Nb2 f6 37. gxf6+ Kxf6 38. Nc4 a4 39. bxa4 Nb4+ 40. Kd2 Na6 41. Rcb3 Rxb3 42. Rxb3 Ra7 43. Rb6+ Kg7 44. Nxe5 Kh7 45. Nxg6 Nc7 46. Nxf4 Rxa4 47. Rb7 Rxa3 48. Rxc7+ Kh6 49. d6 c4 50. d7 c3+ 51. Rxc3 Ra8 52. Rd3 Rd8 53. Ne6 1-0


[Site "https://www.chess.com"]

[Event "Titled Tuesday Blitz April 12 Early 2022"]
[White "Petrova, Irina"]
[Black "Manukian, Artak"]
[WhiteFideId "14124122"]
[BlackFideId "13301373"]
[WhiteElo "1993"]
[BlackElo "2348"]
[Result "1/2-1/2"]
[Round "04"]
[TimeControl "180+1"]
[Date "2022.04.13"]
[WhiteClock "0:00:37"]
[BlackClock "0:00:53"]

1. e4 c6 2. d4 d5 3. e5 Bf5 4. h4 h5 5. c4 e6 6. Nc3 Nd7 7. cxd5 cxd5 8. Bd3 Ne7 9. Bg5 Qb6 10. Bxe7 Bxe7 11. Bxf5 exf5 12. Qd2 Bb4 13. Nge2 Rc8 14. O-O g6 15. a3 Bxc3 16. Nxc3 Qe6 17. Nb5 O-O 18. Rac1 a6 19. Nd6 Rxc1 20. Rxc1 Nb6 21. Rc7 Nc4 22. Nxc4 dxc4 23. Rxb7 Qc6 24. Qb4 Qe4 25. Rb8 Rxb8 26. Qxb8+ Kg7 27. Qb6 Qe1+ 28. Kh2 Qxf2 29. Qf6+ Kg8 30. d5 Qf4+ 31. Kh1 Qc1+ 32. Kh2 Qxb2 33. d6 Qd4 34. Qd8+ Kh7 35. Qe7 Qf4+ 36. Kh1 Qf1+ 37. Kh2 Qf4+ 38. Kh1 Qf1+ 39. Kh2 Qf4+ 1/2-1/2


[Site "https://www.chess.com"]